 Dungeon Crawl Stone Soup version 0.20.1-1-g8b1a95d (webtiles) character file.

1511 HammerPanzer the Basher (level 8, -15/58 HPs)
             Began as a Demonspawn Berserker on Oct 29, 2017.
             Was a Priest of Trog.
             Killed from afar by a gargoyle (28 damage)
             ... with a stone arrow
             ... on level 6 of the Dungeon.
             The game lasted 00:17:32 (7418 turns).

HammerPanzer the Basher (Demonspawn Berserker)      Turns: 7418, Time: 00:17:33

Health: -15/58     AC:  9    Str: 19    XL:     8   Next: 53%
Magic:  8/8        EV:  5    Int:  9    God:    Trog [***...]
Gold:   350        SH:  6    Dex: 17    Spells: 7/7 levels left

rFire    . . .     SeeInvis .   x - +0 flail
rCold    . . .     Gourm    .   s - -2 shield
rNeg     . . .     Faith    .   o - +0 chain mail
rPois    .         Spirit   .   (helmet restricted)
rElec    .         Reflect  .   (no cloak)
rCorr    .         Harm     .   n - +0 pair of gloves
MR       .....                  (no boots)
Stlth    ..........             a - amulet of regeneration
Regen    0.6/turn               (no ring)
MPRegen  0.2/turn               (no ring)

@: about to teleport, berserk cooldown, slowed, very slow
A: antennae 1, thin skeletal structure 2, foul stench 1, rot immunity
a: Berserk, Trog's Hand, Burn Spellbooks, Renounce Religion


You were on level 6 of the Dungeon.
You worshipped Trog.
Trog was most pleased with you.
You were hungry.

You visited 1 branch of the dungeon, and saw 8 of its levels.

You collected 350 gold pieces.

Inventory:

Hand Weapons
 x - a +0 flail (weapon)
Missiles
 u - 7 tomahawks of dispersal (quivered)
Armour
 n - a +0 pair of gloves (worn)
 o - a +0 chain mail (worn)
 s - a -2 shield (worn)
Jewellery
 a - an amulet of regeneration (around neck)
Scrolls
 e - a scroll of random uselessness {unknown}
 g - 5 scrolls of teleportation
 h - 6 scrolls of remove curse
 i - 3 scrolls of magic mapping
 j - a scroll of recharging
 q - a scroll of enchant armour {unknown}
Potions
 b - a potion of flight
 d - 2 potions of lignification
 f - 4 potions of haste
 k - 5 potions of curing
 l - 2 potions of cancellation
 m - a potion of magic
 r - 2 potions of brilliance
 w - a potion of agility {unknown}
Comestibles
 c - 4 bread rations
 p - 7 fruits
 t - 2 royal jellies
 v - a meat ration


   Skills:
 - Level 3.0 Fighting
 * Level 10.1 Maces & Flails
 - Level 1.7 Armour
 - Level 1.7 Dodging


You had 7 spell levels left.
You didn't know any spells.

Dungeon Overview and Level Annotations

Branches:
Dungeon (8/15)             Temple (0/1) D:5
   Lair: D:8-11

Altars:
Dithmenos
Fedhas
Gozag
Kikubaaqudgha
Okawaru
Qazlal
Yredelemnul

Annotations:
D:6 Dowan, Duvessa


Innate Abilities, Weirdness & Mutations

You have a pair of small antennae on your head.
You have a moderately thin skeletal structure. (Dex +4, Stealth+)
You may emit foul miasma when damaged in melee.
You are immune to rotting.


Message History

Dowan points at you and mumbles some strange words.
The puff of frost hits you!
The gargoyle hurls a stone arrow at you.
The stone arrow hits you! Dowan casts a spell at you.
You resist with some effort. The gargoyle hits you with a mace!
Dowan drinks a potion.
Dowan is healed!
The gargoyle hits you but does no damage.
Dowan gestures wildly while chanting.
Dowan blinks!
The gargoyle hurls a stone arrow at you.
The stone arrow hits you!
* * * LOW HITPOINT WARNING * * *
Dowan mumbles some strange words.
Dowan blinks!
As you read the scroll of teleportation, it crumbles to dust.
You feel strangely unstable. You block the gargoyle's attack.
The gargoyle hurls a stone arrow at you.
The stone arrow hits you!
You die...

....#.......##.#
....#.#......#.####
....#.#...........#
....#.##.....#.##.#
............##>##.#
##..#.....####.##.#
...............##)#
##..####...######.#
#.............)@.#
##.####...######.#
#.# ##.## #9####.#.
#.# #.# #s.......
.# #.# #........
#.# ......#.. #.#
#......... #.#
##........ ..
##.......


You could see a gargoyle and a scorpion.

Vanquished Creatures
  Sigmund (D:4)
  A sky beast (D:5)
  A necrophage (D:6)
  A phantom (D:4)
  A centaur (D:6)
  Blork the orc (D:4)
  A scorpion (D:4)
  A howler monkey (D:4)
  A bullfrog zombie (D:5)
  A crimson imp (D:5)
  2 hounds (D:4)
  An orc priest (D:3)
  2 centaur skeletons (D:4)
  A jelly (D:5)
  An orc wizard (D:3)
  2 bullfrog skeletons (D:4)
  2 iguanas
  Natasha (thrice) (D:3)
  3 worker ants (D:5)
  A hound skeleton (D:5)
  8 gnolls
  13 adders
  A shadow imp (D:5)
  An ooze (D:2)
  2 adder skeletons
  5 worms
  2 dart slugs
  4 leopard geckos
  5 orcs
  6 bats
  2 giant cockroaches
  3 goblins
  7 hobgoblins
  16 jackals
  3 quokkas
  4 ball pythons
  A ball python skeleton (D:4)
  2 frilled lizards
  A jackal skeleton (D:4)
  7 kobolds
  3 quokka skeletons
  A quokka zombie (D:5)
  4 rats
129 creatures vanquished.

Notes
Turn   | Place    | Note
-------+----------+-------------------------------------------
     0 | D:1      | HammerPanzer the Demonspawn Berserker began the quest for the Orb.
     0 | D:1      | Reached XP level 1. HP: 18/18 MP: 1/1
   274 | D:1      | Reached skill level 3 in Maces & Flails
   356 | D:1      | Gained mutation: You are immune to rotting. [demonic ancestry]
   356 | D:1      | Reached XP level 2. HP: 19/24 MP: 2/2
  1312 | D:2      | Reached XP level 3. HP: 17/29 MP: 3/3
  1315 | D:2      | Reached skill level 4 in Maces & Flails
  1580 | D:2      | Found an iron altar of Okawaru.
  1580 | D:2      | Found an ancient bone altar of Kikubaaqudgha.
  1730 | D:3      | Noticed Natasha
  2128 | D:2      | Reached ** piety under Trog
  2143 | D:2      | Found a blossoming altar of Fedhas.
  2208 | D:2      | Gained mutation: You may emit foul miasma when damaged in melee. [demonic ancestry]
  2208 | D:2      | Reached XP level 4. HP: 35/35 MP: 4/4
  2233 | D:2      | Found a blossoming altar of Fedhas.
  2246 | D:2      | Found an opulent altar of Gozag.
  2246 | D:2      | Found a stormy altar of Qazlal.
  2315 | D:3      | Killed Natasha
  2427 | D:3      | Reached skill level 5 in Maces & Flails
  2786 | D:3      | Gained mutation: You have a somewhat thin skeletal structure. (Dex +2, Stealth) [demonic ancestry]
  2786 | D:3      | Reached XP level 5. HP: 41/41 MP: 5/5
  2979 | D:3      | Noticed Natasha
  3227 | D:3      | Killed Natasha
  3355 | D:3      | Reached skill level 6 in Maces & Flails
  3703 | D:3      | Gained mutation: You have a pair of small antennae on your head. [demonic ancestry]
  3703 | D:3      | Reached XP level 6. HP: 47/47 MP: 6/6
  3746 | D:3      | Found a shadowy altar of Dithmenos.
  3958 | D:3      | Noticed Natasha
  3961 | D:3      | Killed Natasha
  4151 | D:4      | Reached skill level 7 in Maces & Flails
  4166 | D:4      | Noticed Sigmund
  4348 | D:4      | Killed Sigmund
  4348 | D:4      | Reached XP level 7. HP: 52/52 MP: 7/7
  4417 | D:4      | Reached skill level 8 in Maces & Flails
  4558 | D:4      | Reached *** piety under Trog
  4743 | D:4      | Noticed Blork the orc
  4755 | D:4      | Killed Blork the orc
  4777 | D:5      | Entered Level 5 of the Dungeon
  5789 | D:5      | Reached skill level 9 in Maces & Flails
  5789 | D:5      | Gained mutation: You have a moderately thin skeletal structure. (Dex +4, Stealth+) [demonic ancestry]
  5789 | D:5      | Reached XP level 8. HP: 57/58 MP: 8/8
  6154 | D:5      | Found a staircase to the Ecumenical Temple.
  6321 | D:5      | Found a basalt altar of Yredelemnul.
  7211 | D:6      | Reached skill level 10 in Maces & Flails
  7396 | D:6      | Noticed Dowan
  7397 | D:6      | Noticed Duvessa
  7409 | D:6      | Noticed a gargoyle
  7418 | D:6      | Killed from afar by a gargoyle

Skill      XL: |  1  2  3  4  5  6  7  8 |
---------------+-------------------------+-----
Maces & Flails | 3 4 5 6 7 9 10 | 10.1
Fighting       | |  3.0
Armour         | |  1.7
Dodging        | |  1.7

Action                   |  1- 3 |  4- 6 |  7- 9 || total
-------------------------+-------+-------+-------++-------
Melee: Mace              |   153 |   188 |   225 ||   566
       Flail             |       |       |    71 ||    71
Invok: Berserk           |     2 |     8 |     6 ||    16
  Use: Scroll            |       |    11 |     4 ||    15
       Potion            |       |       |     1 ||     1
  Eat: Chunk             |     6 |    13 |     7 ||    26
       Meat ration       |       |     1 |       ||     1
       Bread ration      |       |       |     1 ||     1
Armor: Animal skin       |    26 |       |       ||    26
       Chain mail        |    32 |   129 |   158 ||   319
       Skin              |       |       |     8 ||     8
Dodge: Dodged            |    80 |    87 |    47 ||   214
Block: Shield            |       |    28 |    81 ||   109
